Match 45825298
Unlisted

Match 45825298
End
Pioneer Squad
Construct Infanterie Kompanie
Construct Infanterie Kompanie
Selects Breakthrough Battlegroup
Selects Assault Grenadiers
Grenadier Squad
Grenadier Squad
Grenadier Squad
Medical Station
Construct Panzergrenadier Kompanie
Grenadier Squad
Selects Smoke Bombing Run
Infanterie Officer Quarters
Pak 40 Anti-tank Gun Team
Selects Mechanized Assault Group
Mechanized Assault Group
Construct Panzer Kompanie
Stoßtruppen Squad
Panzer Officer Quarters
Stoßtruppen Squad
Stoßtruppen Squad
Selects 2.5-tonne Cargo Truck
Selects Blitzkrieg
Pak 40 Anti-tank Gun Team
Panzer IV Medium Tank
Herr Blautier
TBoR
Blocky
Boondoggle
0
0

Comments sign in to comment!

No comments posted yet!